 Dungeon Sprint DCSS version 0.31-a0-819-gf6de2f5ab6 (webtiles) character file.

Game seed: 8853542817011816226

124 sircluck the Ruffian (level 4, -4/75 HPs)
             Began as a Troll Berserker on Sept 23, 2023.
             Was a Priest of Trog.
             Slain by a red devil
             ... wielding a +0 trident
             ... summoned by a kobold demonologist
              (22 damage)
             ... in the Dungeon (Sprint III: "The Ten Rune Challenge").
             The game lasted 00:01:18 (158 turns).

sircluck the Ruffian (Troll Berserker)               Turns: 158, Time: 00:01:19

Health: -4/75      AC:  6    Str: 30 (31) XL:     4   Next: 81%
Magic:  3/3        EV: 10    Int:  2      God:    Trog [***...]
Gold:   37         SH:  0    Dex:  8      Spells: 3/3 levels left

rFire   . .          .
                       - Unarmed
rCold   . . .        (no shield)
rNeg    . . .        h - +2 robe
rPois   .            (helmet restricted)
rElec   .            (no cloak)
rCorr   .            (gloves unavailable)
SInv    .            (boots unavailable)
Will    .....        (no amulet) Stlth
                     (no ring)
HPRegen 1.12/turn    (no ring)
MPRegen 0.08/turn

%: no teleportation
@: berserking, spiked, very quick
A: large, unfitting armour, claws 3, regeneration 1, shaggy fur 1, tough skin 1,
deterioration 1, strong 1
a: Renounce Religion, Berserk, Trog's Hand


You were in the Dungeon.
You worshipped Trog.
Trog was most pleased with you.
You visited 1 branch You collected 37 gold pieces.

Inventory:

Armour
 a - a +0 animal skin
 h - a +2 robe (worn)
Scrolls
 g - a scroll of blinking
 j - a scroll of immolation {unknown}
 k - 2 scrolls of identify
 l - a scroll of poison {unknown}
 m - a scroll of torment {unknown}
Potions
 b - a potion of curing
 c - a potion of heal wounds
 d - a potion of haste
 e - 2 potions of magic
 f - a potion of berserk rage
 n - a potion of enlightenment {unknown}


   Skills:
 + Level 5.2 Fighting
 + Level 5.2 Dodging
 + Level 6.2 Unarmed Combat


You had 3 spell levels left.
You didn't know any spells.
Your spell library was empty.

Dungeon Overview and Level Annotations

Branches:
Dungeon (1/1)

Altars:
Kikubaaqudgha
Sif Muna
Vehumet


Innate Abilities, Weirdness & Mutations

You are too large for most types of armour.
You have claws for hands.
Your natural rate of healing is unusually fast.
You are covered in fur. (AC +1)
You have tough skin. (AC +1)
Your body sometimes deteriorates upon taking damage.
Your muscles are strong. (Str +4, Int/Dex -1)


Message History

A kobold demonologist comes into view. It is wielding a +0 dagger.
The wizard gestures at you while chanting.
The fireball explodes!
The fireball engulfs you!
Found a book of Fire.
Found three altars.
Found a book of Geomancy.
The kobold demonologist gestures wildly while chanting.
The wizard casts a spell at you. You resist with some effort.
There is an open door here.
You closely miss the wizard. The wizard hits you but does no damage.
You barely miss the wizard.
The red devil hits you from afar with a +0 trident.
Barbed spikes become lodged in your body.
You scratch the wizard but do no damage.
The kobold demonologist hits you but does no damage.
The wizard mumbles some strange words.
The wizard flickers and vanishes!
Deactivating autopickup; reactivate with Ctrl-A.
The red devil hits you from afar with a +0 trident!
Barbed spikes become lodged in your body.
You closely miss the kobold demonologist.
The kobold demonologist barely misses you.
Something hits you.
The red devil hits you from afar with a +0 trident!
Your body deteriorates!
You feel weakened.
Barbed spikes become lodged in your body.
You are too injured to fight recklessly!
You are too injured to fight recklessly!
You are too injured to fight recklessly!
Unknown command.
Unknown command.
Okay, then.
A red film seems to cover your vision as you go berserk!
You feel yourself moving faster!
You feel mighty!
The kobold demonologist hits you with a +0 dagger.
* * * LOW HITPOINT WARNING * * *
Something hits you.
* * * LOW HITPOINT WARNING * * *
The red devil hits you from afar with a +0 trident!!
You die...

#..#......♣ ♣.#
####....♣♣♣ ♣.#
...#....~♣♣♣ ♣.###+#+###
...#...~~♣.♣ ♣.#........
...#..~~~~.♣♣♣.'.⌠......
##'#..~≈≈~~~.♣.#.§.#####
.).#.~~≈~~~....#.⌠§#
...#.~≈~~~.....#...#
...#.~~~.......#@###
####...........#K{:#
.........†.....#__4#
▓▓▓▓▓▓▓▓▓▓▓▓▓▓▓▓▓▓▓▓


You could see a kobold demonologist and a red devil (summoned).

Vanquished Creatures
  A water elemental (D)
  Jessica (D)
  A human (D)
  A wolf (D)
  An endoplasm (D)
  2 rats (D)
7 creatures vanquished.

Notes
Turn   | Place    | Note
-------+----------+-------------------------------------------
     0 | D        | sircluck the Troll Berserker began the quest for the Orb.
     0 | D        | Reached XP level 1. HP: 22/22 MP: 0/0
    14 | D        | Noticed Jessica
    16 | D        | Reached ** piety under Trog
    17 | D        | Killed Jessica
    18 | D        | Reached skill level 4 in Unarmed Combat
    18 | D        | Reached XP level 2. HP: 32/32 MP: 1/1
    18 | D        | Reached XP level 3. HP: 39/39 MP: 2/2
    60 | D        | Reached *** piety under Trog
    61 | D        | Reached skill level 5 in Unarmed Combat
    94 | D        | Noticed a water elemental
    96 | D        | Gained mutation: Your mind is acute. (Int +4, Str/Dex -1)
                  | [potion of mutation]
    96 | D        | Gained mutation: You are weak. (Str -2) [potion of
                  | mutation]
    96 | D        | Gained mutation: You are vulnerable to cold. (rC-) [potion
                  | of mutation]
    96 | D        | Gained mutation: You are agile. (Dex +4, Str/Int -1)
                  | [potion of mutation]
    97 | D        | Lost mutation: Your mind is acute. (Int +4, Str/Dex -1)
                  | [potion of mutation]
    97 | D        | Lost mutation: You are weak. (Str -2) [potion of mutation]
    97 | D        | Lost mutation: You are agile. (Dex +4, Str/Int -1) [potion
                  | of mutation]
    97 | D        | Gained mutation: You have a somewhat thin skeletal
                  | structure. (Dex +2, Stealth+) [potion of mutation]
    97 | D        | Gained mutation: You are partially covered in iridescent
                  | scales. (AC +2) [potion of mutation]
    98 | D        | Lost mutation: You are partially covered in iridescent
                  | scales. (AC +2) [potion of mutation]
    98 | D        | Lost mutation: You are vulnerable to cold. (rC-) [potion of
                  | mutation]
    98 | D        | Gained mutation: You are strong-willed. (Will+) [potion of
                  | mutation]
    98 | D        | Gained mutation: You are clumsy. (Dex -2) [potion of
                  | mutation]
    99 | D        | Lost mutation: You are clumsy. (Dex -2) [potion of
                  | mutation]
    99 | D        | Lost mutation: You have a somewhat thin skeletal structure.
                  | (Dex +2, Stealth+) [potion of mutation]
    99 | D        | Lost mutation: You are strong-willed. (Will+) [potion of
                  | mutation]
    99 | D        | Gained mutation: You are weak. (Str -2) [potion of
                  | mutation]
    99 | D        | Gained mutation: Your body sometimes deteriorates upon
                  | taking damage. [potion of mutation]
    99 | D        | Gained mutation: You have sharp toenails. [potion of
                  | mutation]
    99 | D        | Gained mutation: You are agile. (Dex +4, Str/Int -1)
                  | [potion of mutation]
   100 | D        | Lost mutation: You are weak. (Str -2) [potion of mutation]
   100 | D        | Lost mutation: You are agile. (Dex +4, Str/Int -1) [potion
                  | of mutation]
   100 | D        | Gained mutation: You occasionally lose the ability to drink
                  | potions when taking damage. [potion of mutation]
   100 | D        | Gained mutation: You are robust. (+10% HP) [potion of
                  | mutation]
   101 | D        | Lost mutation: You occasionally lose the ability to drink
                  | potions when taking damage. [potion of mutation]
   101 | D        | Lost mutation: You have sharp toenails. [potion of
                  | mutation]
   101 | D        | Lost mutation: You are robust. (+10% HP) [potion of
                  | mutation]
   101 | D        | Gained mutation: You have a pair of small antennae on your
                  | head. [potion of mutation]
   101 | D        | Gained mutation: You are agile. (Dex +4, Str/Int -1)
                  | [potion of mutation]
   102 | D        | Lost mutation: You have a pair of small antennae on your
                  | head. [potion of mutation]
   102 | D        | Lost mutation: You are agile. (Dex +4, Str/Int -1) [potion
                  | of mutation]
   102 | D        | Gained mutation: Your muscles are strong. (Str +4, Int/Dex
                  | -1) [potion of mutation]
   107 | D        | Killed a water elemental
   108 | D        | Reached skill level 5 in Fighting
   108 | D        | Reached skill level 5 in Dodging
   108 | D        | Reached skill level 6 in Unarmed Combat
   108 | D        | Reached XP level 4. HP: 50/50 MP: 3/3
   152 | D        | Found a radiant altar of Vehumet.
   152 | D        | Found a shimmering blue altar of Sif Muna.
   152 | D        | Found an ancient bone altar of Kikubaaqudgha.
   152 | D        | Noticed a wizard
   154 | D        | Noticed a red devil
   158 | D        | Slain by a red devil

Illustrated notes

Levels and vault maps discovered:
D:        dungeon_sprint_mu [sprint_mu_entry_forest, sprint_mu_temple_rooms,
          sprint_mu_d1_spiders, sprint_mu_d2_genie, sprint_mu_d3_branching,
          sprint_mu_orc_legion, sprint_mu_elf_gauntlet, sprint_mu_hive_nellie,
          sprint_mu_lair_fedhas, sprint_mu_vaults_butterflies,
          sprint_mu_slime_circle, sprint_mu_swamp_cave, sprint_mu_shoals_kraken,
          sprint_mu_blade_basic, sprint_mu_crypt_lich, sprint_mu_tomb_spiral,
          sprint_mu_vestibule_basic, sprint_mu_gehenna_hellfire,
          sprint_mu_dis_giant, sprint_mu_tartarus_statrot,
          sprint_mu_cocytus_islands, sprint_mu_zot1]

Skill      XL: |  1  2  3 |
---------------+----------+-----
Fighting       | 3 5 |  5.2
Dodging        | 3 5 |  5.2
Unarmed Combat | 4 6 |  6.2

Action                     |  1- 3 |  4- 6 || total
---------------------------+-------+-------++-------
  Melee: Unarmed           |    22 |     4 ||    26
 Invoke: Berserk           |     1 |     1 ||     2
    Use: Potion            |     7 |       ||     7
 Armour: Animal skin       |     3 |       ||     3
         Robe              |     7 |    10 ||    17
  Dodge: Dodged            |     6 |     1 ||     7

Table legend: (Time is in decaauts)
 A = Elapsed time spent in this place.
 B = Non-inter-level travel time spent in this place.
 C = Inter-level travel time spent in this place.
 D = Time resting spent in this place.
 E = Time spent auto-exploring this place.
 F = Levels seen in this place.
 G = Mean time per level.
                   A        B        C        D        E       F      G
               +--------+--------+--------+--------+--------+-----+--------+
         Total |    165 |    165 |      0 |     49 |     47 |   1 |  165.0 |
       Dungeon |    165 |    165 |      0 |     49 |     47 |   1 |  165.0 |
               +--------+--------+--------+--------+--------+-----+--------+

Top non-repeatable levels by time:
       D: 165 daAuts
